 Dungeon Crawl Stone Soup version 0.29.1-14-g9c671dbff4 (webtiles) character file.

Game seed: 10156038258617855202

166 KittyFluff the Cudgeller (level 5, 0/49 HPs)
             Began as a Gargoyle Berserker on Feb 20, 2023.
             Was a Believer of Trog.
             Slain by Pikel
             ... wielding a +1 whip of flaming
              (6 damage)
             ... on level 4 of the Dungeon on Feb 21, 2023.
             The game lasted 00:09:14 (2256 turns).

KittyFluff the Cudgeller (Gargoyle Berserker)       Turns: 2256, Time: 00:09:14

Health: 0/49       AC:  7    Str: 21    XL:     5   Next: 47%
Magic:  5/5        EV: 12    Int:  7    God:    Trog [**....]
Gold:   209        SH:  0    Dex: 11    Spells: 4/4 levels left

rFire   . . .      SeeInvis .   a - +0 mace
rCold   + . .      Faith    .   (no shield)
rNeg    + . .      Spirit   .   f - +0 leather armour rPois โˆž Reflect .
                                (no helmet)
rElec   +          Harm     .   (no cloak)
rCorr   .          Rampage  .   (no gloves)
Will    .....                   (no boots)
Stlth   ..........              (no amulet)
HPRegen 0.16/turn               i - ring of protection from cold
MPRegen 0.09/turn               (no ring)

@: berserking (expiring), very quick
A: sickness immunity, AC +4, negative energy resistance 1, electricity
resistance, torment resistance 1, petrification resistance
a: Renounce Religion, Berserk, Trog's Hand


You were on level 4 of the Dungeon.
You worshipped Trog.
Trog was pleased with you.
You visited 1 branch of the dungeon, and saw 4 of its levels.

You collected 209 gold pieces.

Inventory:

Hand Weapons
 a - a +0 mace (weapon)
 j - a +0 sling
 n - a +0 sling
Missiles
 d - 16 stones (quivered)
 p - 12 poisoned darts
Armour
 f - a +0 leather armour (worn)
Jewellery
 i - a ring of protection from cold (left hand)
Scrolls
 b - a scroll of enchant weapon {unknown}
 c - a scroll of blinking
 e - 2 scrolls of immolation
 h - a scroll of fear {unknown}
 k - a scroll of teleportation {unknown}
 q - a scroll of butterflies {unknown}
 r - a scroll of identify {unknown}
 t - a scroll of enchant armour {unknown}
 u - a scroll of magic mapping {unknown}
Potions
 g - 3 potions of curing {unknown}
 l - a potion of invisibility {unknown}
 m - a potion of haste {unknown}
 o - a potion of lignification {unknown}
 s - a potion of might {unknown}


   Skills:
 + Level 4.2 Fighting
 + Level 4.6 Maces & Flails
 * Level 3.2 Armour
 + Level 2.0 Dodging
 + Level 0.8 Stealth


You had 4 spell levels left.
You didn't know any spells.
Your spell library was empty.

Dungeon Overview and Level Annotations

Branches:
Dungeon (4/15)
 Temple: D:4-7

Altars:
Wu Jian

Annotations:
D:4 Pikel


Innate Abilities, Weirdness & Mutations

You are immune to sickness and miasma.
Your stone body is resilient. (AC +4)
You are immune to poison.
You resist negative energy. (rN+)
You are resistant to electric shocks. (rElec)
You are resistant to unholy torment.
You are immune to petrification.


Message History

The lemure barely misses you.
You barely miss the lemure.
The lemure is almost dead.
The lemure hits you.
* * * LOW HITPOINT WARNING * * *
You closely miss the lemure.
The lemure is almost dead.
The lemure barely misses you.
A red film seems to cover your vision as you go berserk!
You feel yourself moving faster!
You feel mighty!
Pikel hits you with a +1 whip of flaming.
* * * LOW HITPOINT WARNING * * *
Pikel burns you.
* * * LOW HITPOINT WARNING * * *
You sock Pikel!
Pikel is moderately wounded.
You hit Pikel.
Pikel is moderately wounded.
Pikel barely misses you.
You hit Pikel.
Pikel is heavily wounded.
Pikel hits you with a +1 whip of flaming.
* * * LOW HITPOINT WARNING * * *
Pikel burns you.
* * * LOW HITPOINT WARNING * * *
You hit Pikel but do no damage.
Pikel is heavily wounded.
Pikel hits you with a +1 whip of flaming.
* * * LOW HITPOINT WARNING * * *
Pikel burns you.
* * * LOW HITPOINT WARNING * * *
You closely miss Pikel.
Pikel is heavily wounded.
You sock Pikel!
Pikel is severely wounded.
Pikel hits you but does no damage.
You closely miss Pikel.
Pikel is severely wounded.
Pikel hits you with a +1 whip of flaming.
You die...

#......#.........5...โ‰ˆ.
#...<........#.####..ยงโ‰ˆ
#......#.#####.####5...
#......#.# #..#...#
#......#.# #....#
########.# #...## ##..#
####..#####
###..####55.........
#.....@K55##..#####.
#########.....# #..##....#
#.####.#.. #.# ...## ##.#
##.# ##..# .# #..##
##########.##


You could see Pikel and 4 lemures.

Vanquished Creatures
  A jelly (D:4)
  Natasha (twice) (D:3)
  2 adders (D:2)
  3 worms
  3 dart slugs
  An orc (D:3)
  8 endoplasms
  3 giant cockroaches
  5 goblins
  3 hobgoblins
  3 quokkas
  4 ball pythons
  4 bats
  2 frilled lizards (D:2)
  7 kobolds
  2 rats (D:2)
53 creatures vanquished.

Vanquished Creatures (others)
  3 fungi (D:2)
  3 plants (D:2)
6 creatures vanquished.

Grand Total: 59 creatures vanquished

Notes
Turn   | Place    | Note
-------+----------+-------------------------------------------
     0 | D:1      | KittyFluff the Gargoyle Berserker began the quest for the
                  | Orb.
     0 | D:1      | Reached XP level 1. HP: 14/14 MP: 1/1
   213 | D:1      | Reached XP level 2. HP: 18/19 MP: 2/2
   587 | D:2      | Reached XP level 3. HP: 18/24 MP: 3/3
   935 | D:2      | Reached ** piety under Trog
  1077 | D:2      | Reached XP level 4. HP: 10/29 MP: 4/4
  1288 | D:2      | Found a faded altar of an unknown god.
  1543 | D:3      | Noticed Natasha
  1549 | D:3      | Killed Natasha
  1561 | D:3      | Noticed Natasha
  1774 | D:3      | Found an ornate altar of the Wu Jian Council.
  1852 | D:3      | Noticed a spectral centipede
  1852 | D:3      | Noticed a spectral black mamba
  1852 | D:3      | Noticed a spectral cane toad
  2073 | D:3      | Killed Natasha
  2074 | D:3      | Reached XP level 5. HP: 28/33 MP: 5/5
  2224 | D:4      | Noticed a lemure
  2225 | D:4      | Noticed a lemure
  2226 | D:4      | Noticed Pikel
  2231 | D:4      | Noticed a lemure
  2234 | D:4      | Noticed a lemure
  2256 | D:4      | Slain by Pikel

Illustrated notes

Levels and vault maps discovered:
D:1:      lemuel_arrival_river_ford, layout_rooms
D:2:      layout_rooms, shapermc_ecumenical_altar_mp_urbaneastern
D:3:      layout_basic, pdpol_wu_jian_five_deadly_venoms, uniq_natasha
D:4:      layout_rooms, mainiacjoe_overflow_catwalk_spiral,
          grunt_temple_overflow_order_and_chaos_1, uniq_crazy_yiuf_cottage,
          uniq_blork_the_orc, uniq_pikel

Skill      XL: |  1  2  3  4 |
---------------+-------------+-----
Fighting       | 4 |  4.2
Maces & Flails | 4 |  4.6
Armour         | 3 |  3.2
Dodging        | 2 |  2.0
Stealth        | |  0.8

Action                   |  1- 3 |  4- 6 || total
-------------------------+-------+-------++-------
Melee: Mace              |    93 |    66 ||   159
       Punch             |       |     1 ||     1
Throw: Stone             |       |     1 ||     1
Invok: Berserk           |       |     1 ||     1
  Use: Scroll            |     1 |     1 ||     2
 Stab: Sleeping          |       |     1 ||     1
Armor: Leather armour    |    35 |    16 ||    51
Dodge: Dodged            |    60 |    36 ||    96
